 Dungeon Crawl Stone Soup version 0.30.1-11-g7821555f0a (webtiles) character file.

Game seed: 12943841216985299155

7616 Nonny the Slicer (level 11, -4/53 (58) HPs)
             Began as a Vine Stalker Brigand on Nov 27, 2023.
             Was a Believer of Zin.
             Slain by a hell rat (5 damage)
             ... on level 1 of the Lair of Beasts.
             The game lasted 00:39:31 (7262 turns).

Nonny the Slicer (Vine Stalker Brigand)             Turns: 7262, Time: 00:39:32

HP:   -4/53 (58)    AC:  8    Str: 13    XL:     11   Next: 18%
MP:   0/13          EV: 18    Int: 11    God:    Zin [**....]
Gold: 282           SH:  0    Dex: 33    Spells: 9/10 levels left

rFire   + . .        B - +7 rapier
rCold   + . .        (no shield)
rNeg    . . .        h - +3 leather armour {rPois}
rPois   +            v - +0 helmet
rElec   .            F - scarf {rC+ rF+}
rCorr   .            D - +0 pair of gloves
SInv    .            (no boots)
Will    +....        (no amulet)
Stlth   +++++        y - +6 ring of dexterity
HPRegen 1.08/turn    G - +6 ring of dexterity
MPRegen 0.13/turn

%: guardian spirit
@: on berserk cooldown, slowed, drained, unable to read, very slow
A: fangs 3, regeneration 1, magic shield, antimagic bite, no potion heal 2,
sense surroundings 1, inability to read after injury 1
a: Renounce Religion, Recite, Vitalisation, Donate Gold


You were on level 1 of the Lair of Beasts.
You worshipped Zin.
Zin was pleased with you.
You visited 3 branches of the dungeon, and saw 10 of its levels.

You collected 433 gold pieces.
You spent 120 gold pieces at shops.
You donated 31 gold pieces to Zin.

Inventory:

Hand Weapons
 c - a +0 dagger of freezing
 u - a +2 dagger of speed
 B - a +7 rapier (weapon)
Missiles
 d - 35 poisoned darts
 g - 73 stones (quivered)
 l - 2 curare-tipped darts
 x - a throwing net
 z - 7 boomerangs
Armour
 h - a +3 leather armour of poison resistance (worn)
 k - +0 steam dragon scales
 v - a +0 helmet (worn)
 D - a +0 pair of gloves (worn)
 F - a scarf of resistance (worn)
 K - a +2 robe of cold resistance
Jewellery
 j - a ring of flight
 y - a +6 ring of dexterity (left hand)
 C - a ring of see invisible
 G - a +6 ring of dexterity (right hand)
 H - a ring of ice
Wands
 s - a wand of mindburst (8)
Scrolls
 f - 5 scrolls of enchant armour
 i - 2 scrolls of enchant weapon
 o - 2 scrolls of identify
 q - a scroll of fog
 t - a scroll of immolation
 w - 4 scrolls of teleportation
 A - a scroll of magic mapping {unknown}
 I - 3 scrolls of blinking
Potions
 a - a potion of cancellation
 b - 3 potions of curing
 e - a potion of berserk rage
 m - 3 potions of flight
 n - 5 potions of might
 p - 2 potions of resistance
 r - 2 potions of attraction {unknown}
 E - a potion of haste
 J - a potion of lignification {unknown}


   Skills:
 + Level 7.0 Fighting
 + Level 9.9 Short Blades
 - Level 1.3(6.3) Long Blades
 - Level 5.0 Throwing
 + Level 5.9 Dodging
 - Level 9.0 Stealth
 * Level 2.1 Invocations
 - Level 1.7 Evocations


You had 9 spell levels left.
You knew the following spells:

 Your Spells              Type           Power      Damage    Failure   Level
a - Apportation           Tloc           0%         N/A       41%         1

Your spell library contained the following spells:

 Spells                   Type           Power      Damage    Failure   Level
 Freeze                   Ice            0%         1d3       41%         1
 Kiss of Death            Conj/Necr      0%         2d5       41%         1
 Necrotise                Necr           0%         1d4       41%         1
 Summon Small Mammal      Summ           0%         N/A       41%         1
 Call Canine Familiar     Summ           0%         N/A       80%         3
 Confusing Touch          Hex            0%         N/A       80%         3
 Dazzling Flash           Conj/Hex       0%         N/A       80%         3
 Frozen Ramparts          Ice            0%         1d1       80%         3
 Hailstorm                Conj/Ice       0%         3d3       80%         3
 Ozocubu's Armour         Ice            0%         N/A       80%         3
 Portal Projectile        Hex/Tloc       0%         N/A       80%         3
 Stone Arrow              Conj/Erth      0%         3d7       80%         3
 Vampiric Draining        Necr           0%         2d6       80%         3
 Volatile Blastmotes      Fire/Tloc      0%         2d10      80%         3
 Animate Armour           Summ/Erth      0%         N/A       99%         4
 Dispel Undead            Necr           0%         3d6       99%         4
 Iskenderun's Mystic Bla  Conj/Tloc      0%         2d3       99%         4
 Leda's Liquefaction      Hex/Erth       0%         N/A       99%         4
 Agony                    Necr           0%         N/A       100%        5
 Starburst                Conj/Fire      0%         6d3       100%        6
 Ozocubu's Refrigeration  Ice            0%         4d7       100%        7
 Lehudib's Crystal Spear  Conj/Erth      0%         10d2      100%        8


Dungeon Overview and Level Annotations

Branches:
Dungeon (8/15)             Temple (1/1) D:6            Lair (1/5) D:8

Altars:
Cheibriados
Dithmenos
Elyvilon
Gozag
Hepliaklqana
Makhleb
Okawaru
Ru
Sif Muna
Trog
Uskayaw
Vehumet
Wu Jian
Xom
Yredelemnul
Zin
The Shining One

Shops:
D:4 !

Annotations:
D:7 Xom digging vault


Innate Abilities, Weirdness & Mutations

You have razor-sharp teeth.
Your natural rate of healing is unusually fast.
When hurt, damage is shared between your health and your magic reserves.
Your bite disrupts and absorbs the magic of your enemies.
Potions cannot restore your health.
You passively map a small area around you.
You occasionally lose the ability to read scrolls when taking damage.


Message History

The hell rat misses you. The hell rat bites you!
You feel drained.
Your Invocations skill increases to level 2!
Unknown command.
You puncture the yak!
You kill the yak!
The hell rat completely misses you. The hell rat barely misses you. x2
The hell rat closely misses you.
Your Fighting skill increases to level 7!
The hell rat attacks as you move away! The hell rat barely misses you.
Things that are here:
a +0 quarterstaff of freezing; a +2 robe of cold resistance; a yak corpse Unknown command.
You hit the hell rat but do no damage. Your bite misses the hell rat.
The hell rat closely misses you. The hell rat completely misses you.
K - a +2 robe of cold resistance The hell rat closely misses you.
The hell rat misses you.
You hit the hell rat but do no damage. The hell rat completely misses you.
The hell rat bites you!
You hit the hell rat. You bite the hell rat. You drain its power.
You feel invigorated.
The hell rat is moderately wounded.
The hell rat bites you but does no damage.
The hell rat bites you!
You feel threatened and lose the ability to read scrolls!
* * * LOW HITPOINT WARNING * * *
You feel drained.
* * * LOW HITPOINT WARNING * * *
The hell rat closely misses you.
You cannot read scrolls in your current state!
Unknown command.
The hell rat attacks as you move away! The hell rat bites you!
* * * LOW HITPOINT WARNING * * *
The hell rat closely misses you. The hell rat completely misses you.
The hell rat misses you. The hell rat closely misses you.
The hell rat misses you. The hell rat closely misses you.
The hell rat barely misses you. The hell rat bites you!
* * * LOW HITPOINT WARNING * * *
You feel drained.
You die...

.....####P..#####...#.##
, ,,
........................
,
##.P##.#................
, #..#####..............,
..................... ,
.#P..#.##.#.†##.r#.####.
, , *
..............)rr.......
#...........####rY......
##..........####@.......*
*
........................
###.##.#####.###.##P....
,, ####.P * ..#*###*#....
.... .... , ,....,
##.........* * .## ,
........ ,,, . ,
,..#######. ,... , .. , ,


You could see a yak and 4 hell rats.

Vanquished Creatures
  Fannar (Lair:1)
  A two-headed ogre (D:5)
  Pikel (D:6)
  A black mamba (Lair:1)
  A hornet (D:8)
  3 wyverns (D:8)
  2 basilisks (D:8)
  6 yaks
  Eustachio (D:4)
  A steam dragon (D:7)
  Edmund (D:5)
  5 water moccasins (D:8)
  Duvessa (D:5)
  An ice beast (D:6)
  2 orc warriors
  2 black bears
  A sky beast (D:7)
  An ogre (D:6)
  A centaur (D:7)
  3 kobold brigands
  3 bullfrogs
  A scorpion (D:6)
  Dowan (D:5)
  11 killer bees (D:8)
  2 howler monkeys
  3 jellies
  7 hounds
  5 orc priests
  Crazy Yiuf (D:3)
  A gnoll bouda (D:5)
  4 iguanas
  Ijyb (D:3)
  6 orc wizards
  3 hell rats (Lair:1)
  A statue (D:5)
  Robin (D:3)
  8 gnolls
  5 adders
  A shadow imp (D:5)
  An ufetubus (D:5)
  A worm (D:2)
  2 dart slugs
  22 orcs
  5 ball pythons
  6 bats
  6 endoplasms
  5 giant cockroaches
  18 goblins
  9 hobgoblins
  3 jackals (D:3)
  3 quokkas
  8 frilled lizards
  20 kobolds
  5 rats
215 creatures vanquished.

Vanquished Creatures (others)
  A wizard (D:5)
1 creature vanquished.

Grand Total: 216 creatures vanquished

Notes
Turn   | Place    | Note
-------+----------+-------------------------------------------
     0 | D:1      | Nonny the Vine Stalker Brigand began the quest for the Orb.
     0 | D:1      | Reached XP level 1. HP: 11/11 MP: 2/2
    19 | D:1      | Starting vault: cardinal directions
    93 | D:1      | Reached skill level 5 in Stealth
   154 | D:1      | Reached XP level 2. HP: 2/15 MP: 3/3
   223 | D:1      | +2 elec hand axe in west
   378 | D:1      | Reached XP level 3. HP: 17/18 MP: 4/4
   926 | D:2      | Reached skill level 1 in Dodging
  1028 | D:2      | Gardens behind translucent walls + 4chamber
  1096 | D:2      | Gained mutation: Your natural rate of healing is unusually
                  | fast. [Vine Stalker growth]
  1096 | D:2      | Reached XP level 4. HP: 22/23 MP: 3/5
  1830 | D:3      | Learned a level 1 spell: Apportation
  1882 | D:3      | Noticed Ijyb
  1910 | D:3      | Killed Ijyb
  1911 | D:3      | Reached XP level 5. HP: 26/26 MP: 4/6
  1970 | D:3      | Found a runed translucent door.
  1971 | D:3      | Noticed Crazy Yiuf
  1983 | D:3      | Killed Crazy Yiuf
  1996 | D:3      | Identified the +8 hammer "Rilut" {drain, rF+ Will+ Dex+3}
  2059 | D:3      | Noticed Robin
  2096 | D:3      | Killed Robin
  2130 | D:3      | Found a sacrificial altar of Ru.
  2177 | D:3      | Found an opulent altar of Gozag.
  2302 | D:3      | Found a shadowy altar of Dithmenos.
  2580 | D:3      | Reached XP level 6. HP: 29/30 MP: 5/7
  2668 | D:4      | bloody skeleton vault leads to kobolds
  2670 | D:4      | Found the +7 Throatcutter {drain, coup de grace}
  2803 | D:4      | Noticed Eustachio
  2804 | D:4      | Noticed a black bear
  2823 | D:4      | Killed a black bear
  2824 | D:4      | Reached XP level 7. HP: 24/35 MP: 4/8
  2864 | D:4      | Killed Eustachio
  2865 | D:4      | Reached skill level 1 in Long Blades
  2866 | D:4      | Damn! +7 rapier on Eustacio.
  3079 | D:4      | You are sucked into a shaft and drop 3 floors!
  3230 | D:7      | Found a shimmering blue altar of Sif Muna.
  3279 | D:7      | Gained mutation: You have razor-sharp teeth. [Vine Stalker
                  | growth]
  3279 | D:7      | Reached XP level 8. HP: 41/41 MP: 9/9
  3394 | D:7      | Found a shimmering altar of Xom.
  3394 | D:7      | Found a shimmering altar of Xom.
  3394 | D:7      | Found a shimmering altar of Xom.
  3394 | D:7      | Found a shimmering altar of Xom.
  3396 | D:7      | Found a shimmering altar of Xom.
  3396 | D:7      | Found a shimmering altar of Xom.
  3536 | D:7      | a warg changed into a blink frog
  3536 | D:7      | Noticed a blink frog (shapeshifter)
  3539 | D:7      | a blink frog changed into a rime drake
  3539 | D:7      | Noticed a rime drake (shapeshifter)
  3651 | D:7      | Orc rat corpse ritual vault?
  3758 | D:7      | Noticed a moth of wrath
  3799 | D:7      | Noticed a snapping turtle
  3837 | D:6      | Reached skill level 5 in Short Blades
  3917 | D:6      | Noticed Pikel
  3934 | D:6      | Killed Pikel
  3935 | D:6      | Reached XP level 9. HP: 46/46 MP: 7/10
  3974 | D:5      | Entered Level 5 of the Dungeon
  4060 | D:4      | Found Vanafyw's Distillery.
  4074 | D:4      | Bought a potion of haste for 120 gold pieces
  4302 | D:5      | Noticed a two-headed ogre
  4348 | D:5      | Killed a two-headed ogre
  4349 | D:5      | Reached skill level 5 in Fighting
  4461 | D:5      | Noticed Edmund
  4471 | D:5      | Found a bloodstained altar of Trog.
  4472 | D:5      | Noticed a wizard
  4478 | D:5      | Killed a wizard
  4496 | D:5      | Killed Edmund
  4644 | D:5      | Noticed Duvessa
  4790 | D:5      | Found a radiant altar of Vehumet.
  4819 | D:6      | Reached skill level 5 in Throwing
  4829 | D:6      | Found the +5 Lochaber axe {reach-cleave, Poleaxe Drain}
  4943 | D:6      | Found a glowing silver altar of Zin.
  5048 | D:6      | Found a staircase to the Ecumenical Temple.
  5053 | D:6      | Temple entrance in the east, south of ice beast.
  5054 | Temple   | Entered the Ecumenical Temple
  5178 | D:6      | Reached XP level 10. HP: 51/51 MP: 11/11
  5215 | D:6      | Became a worshipper of Zin the Law-Giver
  5215 | D:6      | Reached * piety under Zin
  5890 | D:5      | Noticed Dowan
  5925 | D:5      | Killed Duvessa
  5929 | D:5      | Killed Dowan
  5982 | D:5      | Duvessa has +3 rPois leather armor.
  6255 | D:8      | Found a basalt altar of Yredelemnul.
  6292 | D:8      | Reached skill level 1 in Evocations
  6349 | D:8      | Gained mutation: You occasionally lose the ability to read
                  | scrolls when taking damage. [potion of mutation]
  6349 | D:8      | Gained mutation: You passively map a small area around you.
                  | [potion of mutation]
  6447 | D:8      | Reached skill level 5 in Dodging
  6535 | D:8      | Found a staircase to the Lair.
  6709 | D:8      | Reached ** piety under Zin
  7188 | Lair:1   | Entered Level 1 of the Lair of Beasts
  7213 | Lair:1   | Noticed Fannar
  7226 | Lair:1   | Noticed a black mamba
  7228 | Lair:1   | Killed Fannar
  7229 | Lair:1   | Reached skill level 1 in Invocations
  7229 | Lair:1   | Reached XP level 11. HP: 58/58 MP: 9/13
  7262 | Lair:1   | HP: 1/55 [hell rat (11)]
  7262 | Lair:1   | Slain by a hell rat

Illustrated notes #.# #.# #. #.# #.# #.# #.# #.# #.# #.# #.# #.# #.# #.# #.# #.##.##.# #.#.#.# ########.#.######.# #.......#@#.......# ########.#.######.# #.#.#.# #.##.##.# #.# #.# #.# #.# #.# #.# #.# #.# #.# #.# #.# #.# #.# #.# #. Turn 19 on D:1: Starting vault: cardinal directions ##.# #... #.. #.. #.# #.# ###.# #.@.######## #..>........ #.b.######## #### ##..## #.. #...# #.# ###..## ###.## #.....# #...). ##.....# ###.###. #......# #...# #. Turn 223 on D:1: +2 elec hand axe in west #............ #.#.#.###.## #...).....### #.#######.#P## ###.# #†#P.# #...# #.#.P# #.### #####.#.P# #.# ##.....#.P# #.##.##.##.@#..# #.#P.P #..#.## #.##P# #..### #.### ...### #.#.# ##..... .. #...# ##.#.# #. ###†### ###.# #. #.#..# #.# #. ##.#.# ##'## #.##### Turn 1028 on D:2: Gardens behind translucent walls + 4chamber KK. ..÷ .÷. #'# ######### #.# #.......# #÷# #.......# ##.## #.......# ####.@.######.......## +........÷'..........# ####.÷.######......... ##.## #.....†..# #.# #........# #.# #........# #+# ########.# #.# #.. Turn 2668 on D:4: bloody skeleton vault leads to kobolds #...####......##..(...†...# .......'......##..........# #...####......######'###### #.)...........# #..# #[...##.......# #.## #....##.##'########.# ####.##. #.# #....#.# .##. #.# #...)#.# .##. #.###..@.'.# .#.. #.##.....### #.#.##.....# #...##.....# ####.......# ........##....# #..#######....# ###### Turn 2866 on D:4: Damn! +7 rapier on Eustacio. #......... #............' #.######.. #............# ..#....# #............. #.#....#......##########.#######. #......#......##..######.'.....#< #.#....#......#...##..##.#.....#. ..##..##......#..†....)#.#.....#. #.##..#......##.....##)..#.....#. #..#..#.....)##.@..####..#####.#. ..#'..#......###'##.'.##.# ## .###..#......# #≈####..#.# # ...#..#......# ### #..#.# # #.###'#......# ####.# ##### #'##......####+## ..# #.... '..#......#.....# ..# #.... #..#............+ #.... ...........###### #.. #.... Turn 3651 on D:7: Orc rat corpse ritual vault? ....................# ........##..........# ...........#........# ###.###.#<##........# ....# #.#.##[....Y..# ##### #......##P.P### ###.######.## ### #.##.P#...#P## ..# #.##....@.!..# #.# #....P#.?.#P.# #.## ####.###.###.# .#.##### #. P.P ... ###....## # ... ### ###.....## .#### ##[......# . .#.......# ## #........# Turn 5053 on D:6: Temple entrance in the east, south of ice beast.

####.#.#.........................
.......#.#..#.............####.#.
....................##.....###.#.
.#..####.#.######...##.........#.
....####.#.#####....##...........
........)....................#.#.
...)...............#########...#.
..##.###.#####.#.#.#.......#...#.
..##.# #.####..#@#.#.###...###...
..##.# #.#....##.#.#.#†#._..[..))
.....# #...#####.#.#.###...###<..
#.##.# #.### #.#.#.......#...))
.....###.# #...#########.....
......#..#######.##....# ####...
..##..#.##....§...§##### #......
......[..#..§§§...§# #.##...
..##...>....§§§§§§.# #.#....


Turn 5982 on D:5: Duvessa has +3 rPois leather armor.

Levels and vault maps discovered:
D:1:      spicycebolla_arrival_xxxplode, layout_loops_ring
D:2:      layout_loops_corners, serial_aquarium, aquarium_bridge_straight
          [aquarium_subvault_bridge, aquarium_subvault_wall,
          aquarium_subvault_bridge, aquarium_subvault_wall], aquarium_window_1,
          aquarium_window_fake, aquarium_window_2, aquarium_window_2,
          aquarium_view_2c, aquarium_view_2e, chequers_serial_rivers_micro_e,
          chequers_serial_rivers_micro_b
D:3:      layout_loops_ring, mainiacjoe_overflow_boulevard,
          mainiacjoe_overflow_24_doors, nicolae_dithmenos_shadow_blocks,
          minmay_fractal_squares_gapless_5, uniq_crazy_yiuf_cottage, uniq_robin,
          uniq_ijyb
D:4:      layout_basic, serial_shops, nicolae_diamond_shop,
          kennysheep_pointless_box, kennysheep_path_1,
          dilly_guarded_unrand_throatcut, uniq_eustachio
D:5:      layout_basic, vehumet_statue, trog_wizard, kennysheep_generic_room_8,
          uniq_edmund, uniq_duvessa
D:6:      layout_loops_cross, lemuel_doored_altar,
          minmay_temple_entry_gardened_gates, uniq_pikel
D:7:      layout_gridville, xom_shifter_show, mainiacjoe_overflow_cross_hatched,
          nicolae_concentric_dashed_squares_wild, lightli_orcish_oven
D:8:      layout_cave_pools, mainiacjoe_overflow_six_doors_small,
          minmay_lair_entry_grove, nicolae_two_hexagons, eino_jars
Temple:   nicolae_temple_two_arcs
Lair:1:   layout_long_grid, minmay_lair_oklob_items, st_stairs_4,
          chequers_serial_rivers_large_b, uniq_fannar

Skill      XL: |  1  2  3  4  5  6  7  8  9 10 11 |
---------------+----------------------------------+-----
Stealth        | 5 6 7 8 9 |  9.0
Dodging        | 1 2 3 4 5 |  5.9
Short Blades   | 2 3 5 7 9 |  9.9
Fighting       | 2 3 4 5 6 7 |  7.0
Long Blades    | 1 |  1.3
Throwing       | 2 4 5 |  5.0
Evocations     | 1 |  1.7
Invocations    | 1 2 |  2.1

Action                     |  1- 3 |  4- 6 |  7- 9 | 10-12 || total
---------------------------+-------+-------+-------+-------++-------
  Melee: Dagger            |    74 |   155 |       |       ||   229
         Bite              |    14 |    48 |    60 |    58 ||   180
         Punch             |       |     3 |       |     3 ||     6
         Long sword        |       |     8 |    29 |       ||    37
         Rapier            |       |       |   184 |   192 ||   376
  Throw: Stone             |     3 |       |       |     4 ||     7
         Dart              |     1 |    10 |     2 |     2 ||    15
  Evoke: Wand              |       |       |     3 |     3 ||     6
    Use: Scroll            |     1 |     5 |     5 |     9 ||    20
         Potion            |       |       |     1 |     3 ||     4
   Stab: Sleeping          |    11 |     9 |     9 |     2 ||    31
         Distracted        |       |       |     1 |       ||     1
 Armour: Robe              |    13 |    27 |    27 |       ||    67
         Leather armour    |       |       |    42 |    35 ||    77
         Steam dragon scal |       |       |    27 |     2 ||    29
  Dodge: Dodged            |    36 |    60 |   172 |   190 ||   458
